TOP OF THE 1ST |
Blueville 83's batting - Pitching for Trenton Stars : RHP Darrell Stanley
|
Pitching: RHP Darrell Stanley
|
|
Batting: SHB Bob Noble
|
0-0: Called Strike 0-1: Ball 1-1: Foul Ball, location: 2F 1-2: Ball 2-2: Ground out 5-3 (Groundball, 5D)
|
Batting: LHB Javier Espinoza
|
0-0: Ball 1-0: Swinging Strike 1-1: Foul Ball, location: 2F 1-2: Strikes out swinging
|
Batting: RHB Tae-kwon Kwon
|
0-0: Called Strike 0-1: Ball 1-1: Foul Ball, location: 2F 1-2: Foul Ball, location: 2F 1-2: Ball 2-2: Fly out, F7 (Line Drive, 7)
|
Top of the 1st over - 0 run(s), 0 hit(s), 0 error(s), 0 left on base; Blueville 0 - Trenton 0 |
BOTTOM OF THE 1ST |
Trenton Stars batting - Pitching for Blueville 83's : RHP Frank Davis
|
Pitching: RHP Frank Davis
|
|
Batting: SHB Nick Marshall
|
0-0: Foul Ball, location: 2F 0-1: Ball 1-1: Ball 2-1: Ball 3-1: SINGLE (Line Drive, 6MD)
|
Batting: RHB Jesús Dávila
|
0-0: Called Strike Nick Marshall steals 2nd base 0-1: Called Strike Nick Marshall steals 3rd base 0-2: Ball 1-2: Ball 2-2: Fly out, F8 (Flyball, 8LM) Runner from 3rd tags up, SCORES, no throw
|
Batting: RHB Ken McDonald
|
0-0: Swinging Strike 0-1: Swinging Strike 0-2: Hit by Pitch
|
Batting: LHB Ricardo Brandariz
|
0-0: Called Strike 0-1: Ball 1-1: Ball 2-1: Foul Ball, location: 2F 2-2: Ball 3-2: Fly out, F7 (Flyball, 7S)
|
Batting: RHB Randy Simons
|
0-0: Called Strike 0-1: Ground out 5-3 (Groundball, 56S)
|
Bottom of the 1st over - 1 run(s), 1 hit(s), 0 error(s), 1 left on base; Blueville 0 - Trenton 1 |
TOP OF THE 2ND |
Blueville 83's batting - Pitching for Trenton Stars : RHP Darrell Stanley
|
Batting: LHB António Glaviz
|
0-0: SOLO HOME RUN (Flyball, 9D), Distance : 371 ft
|
Batting: RHB Matt Perkins
|
0-0: Called Strike 0-1: Foul Ball, location: 2F 0-2: Ball 1-2: Fly out, F8 (Flyball, 8LXD)
|
Batting: RHB Jimmy Simon
|
0-0: Called Strike 0-1: Fly out, F6 (Line Drive, 6)
|
Batting: LHB Vincente Sáenz
|
0-0: Ball 1-0: Called Strike 1-1: Ball 2-1: Ball 3-1: Foul Ball, location: 2F 3-2: Foul Ball, location: 2F 3-2: Base on Balls
|
Batting: RHB Yoshihide Takahashi
|
0-0: 2-RUN HOME RUN (Flyball, 78XD), Distance : 413 ft
|
Batting: RHB Felipe Rivera
|
0-0: Ball 1-0: Foul Ball, location: 2F 1-1: SINGLE (Groundball, 34D)
|
Batting: SHB Bob Noble
|
0-0: Called Strike 0-1: Ball 1-1: Swinging Strike 1-2: Ball 2-2: Foul Ball, location: 2F 2-2: Ball 3-2: Base on Balls Felipe Rivera to second
|
Batting: LHB Javier Espinoza
|
0-0: Ball 1-0: DOUBLE (Line Drive, 9LM) Felipe Rivera scores Bob Noble to third
|
Batting: RHB Tae-kwon Kwon
|
0-0: SINGLE (Groundball, 34D) Bob Noble scores Javier Espinoza to third Runner from 3rd tries for Home, SAFE, no throw
|
Batting: LHB António Glaviz
|
0-0: Called Strike 0-1: Ball 1-1: Ball 2-1: Foul Ball, location: 2F 2-2: Strikes out swinging
|
Top of the 2nd over - 6 run(s), 5 hit(s), 0 error(s), 1 left on base; Blueville 6 - Trenton 1 |
BOTTOM OF THE 2ND |
Trenton Stars batting - Pitching for Blueville 83's : RHP Frank Davis
|
Batting: RHB Rafael Canales
|
0-0: Foul Ball, location: 2F 0-1: Called Strike 0-2: Strikes out swinging, 2-3 out at first.
|
Batting: RHB Clancy Booker
|
0-0: Called Strike 0-1: Ball 1-1: SINGLE (Groundball, 4D)
|
Batting: RHB Aaron Washington
|
0-0: Ball 1-0: SINGLE (Groundball, 6M) (infield hit) Clancy Booker to second
|
Batting: RHB Kenji Murayama
|
0-0: Swinging Strike 0-1: Ball 1-1: Swinging Strike 1-2: Grounds into double play, 1-4-3 (Groundball, 15)
|
Bottom of the 2nd over - 0 run(s), 2 hit(s), 0 error(s), 1 left on base; Blueville 6 - Trenton 1 |
TOP OF THE 3RD |
Blueville 83's batting - Pitching for Trenton Stars : RHP Darrell Stanley
|
Batting: RHB Matt Perkins
|
0-0: Called Strike 0-1: Ball 1-1: Called Strike 1-2: Ball 2-2: Strikes out swinging
|
Batting: RHB Jimmy Simon
|
0-0: Called Strike 0-1: Ball 1-1: Ground out 4-3 (Groundball, 4)
|
Batting: LHB Vincente Sáenz
|
0-0: Ball 1-0: SOLO HOME RUN (Line Drive, 7D), Distance : 368 ft
|
Batting: RHB Yoshihide Takahashi
|
0-0: Ball 1-0: Fly out, F9 (Flyball, 89S)
|
Top of the 3rd over - 1 run(s), 1 hit(s), 0 error(s), 0 left on base; Blueville 7 - Trenton 1 |
BOTTOM OF THE 3RD |
Trenton Stars batting - Pitching for Blueville 83's : RHP Frank Davis
|
Batting: SHB Nick Marshall
|
0-0: Called Strike 0-1: Ball 1-1: Swinging Strike 1-2: Strikes out swinging
|
Batting: RHB Jesús Dávila
|
0-0: Ball 1-0: Ball 2-0: Called Strike 2-1: Fly out, F6 (Popup, 6MD)
|
Batting: RHB Ken McDonald
|
0-0: Foul Ball, location: 2F 0-1: Swinging Strike 0-2: Foul Ball, location: 2F 0-2: Ball 1-2: Foul Ball, location: 2F 1-2: Foul Ball, location: 2F 1-2: Strikes out swinging
|
Bottom of the 3rd over - 0 run(s), 0 hit(s), 0 error(s), 0 left on base; Blueville 7 - Trenton 1 |
TOP OF THE 4TH |
Blueville 83's batting - Pitching for Trenton Stars : RHP Darrell Stanley
|
Pitching: RHP Bartolo Rodríguez
|
|
Batting: RHB Felipe Rivera
|
0-0: Ball 1-0: Ball 2-0: Ball 3-0: Fly out, F9 (Flyball, 9)
|
Batting: SHB Bob Noble
|
0-0: Fly out, F9 (Flyball, 9LSF)
|
Batting: LHB Javier Espinoza
|
0-0: Called Strike 0-1: Ball 1-1: DOUBLE (Flyball, 9LM)
|
Batting: RHB Tae-kwon Kwon
|
0-0: Ball 1-0: Called Strike 1-1: Ball 2-1: Ball 3-1: Called Strike 3-2: Base on Balls
|
Batting: LHB António Glaviz
|
0-0: Ball 1-0: Ball 2-0: Foul Ball, location: 2F 2-1: Ball 3-1: Base on Balls Javier Espinoza to third Tae-kwon Kwon to second
|
Batting: RHB Matt Perkins
|
0-0: Foul Ball, location: 2F 0-1: Ball 1-1: Swinging Strike 1-2: Strikes out swinging
|
Top of the 4th over - 0 run(s), 1 hit(s), 0 error(s), 3 left on base; Blueville 7 - Trenton 1 |
BOTTOM OF THE 4TH |
Trenton Stars batting - Pitching for Blueville 83's : RHP Frank Davis
|
Batting: LHB Ricardo Brandariz
|
0-0: Called Strike 0-1: Swinging Strike 0-2: Ball 1-2: Fly out, F8 (Flyball, 8LS)
|
Batting: RHB Randy Simons
|
0-0: Swinging Strike 0-1: Swinging Strike 0-2: Strikes out swinging
|
Batting: RHB Rafael Canales
|
0-0: Ball 1-0: Ball 2-0: Fly out, F9 (Flyball, 89M)
|
Bottom of the 4th over - 0 run(s), 0 hit(s), 0 error(s), 0 left on base; Blueville 7 - Trenton 1 |
TOP OF THE 5TH |
Blueville 83's batting - Pitching for Trenton Stars : RHP Bartolo Rodríguez
|
Batting: RHB Jimmy Simon
|
0-0: Called Strike 0-1: Ball 1-1: SINGLE (Flyball, 89S)
|
Batting: LHB Vincente Sáenz
|
0-0: Called Strike 0-1: Ball 1-1: Foul Ball, location: 2F 1-2: Ball 2-2: SINGLE (Groundball, 4MD) Jimmy Simon to second
|
Batting: RHB Yoshihide Takahashi
|
0-0: Swinging Strike 0-1: Called Strike 0-2: Ball 1-2: Foul Ball, location: 2F 1-2: Foul Ball, location: 2F 1-2: 3-RUN HOME RUN (Flyball, 78XD), Distance : 405 ft
|
Pitching: LHP José Alaniz
|
|
Batting: RHB Felipe Rivera
|
0-0: Called Strike 0-1: Ball 1-1: Ball 2-1: SINGLE (Flyball, 6MD)
|
Batting: SHB Bob Noble
|
0-0: Ball 1-0: SINGLE (Line Drive, 6M) Felipe Rivera to second
|
Batting: LHB Javier Espinoza
|
0-0: Foul Ball, location: 2F 0-1: Called Strike 0-2: Ball 1-2: Ball 2-2: Foul Ball, location: 2F 2-2: Ball 3-2: Foul Ball, location: 2F 3-2: Strikes out swinging
|
Batting: RHB Tae-kwon Kwon
|
0-0: Called Strike 0-1: Foul Ball, location: 2F 0-2: Foul Ball, location: 2F 0-2: Foul Ball, location: 2F 0-2: Fielders Choice at 2nd, 3-6 (Groundball, 34) Felipe Rivera to third
|
Batting: LHB António Glaviz
|
0-0: SINGLE (Line Drive, 8LS) Felipe Rivera scores Tae-kwon Kwon to second
|
Batting: RHB Matt Perkins
|
0-0: Ball 1-0: SINGLE (Groundball, 34D) Tae-kwon Kwon to third António Glaviz to second Runner from 3rd tries for Home, SAFE, no throw
|
Batting: RHB Jimmy Simon
|
0-0: Ball 1-0: Ball 2-0: Called Strike 2-1: 3-RUN HOME RUN (Flyball, 7D), Distance : 365 ft
|
Pitching: RHP Gilberto Martínez
|
|
Batting: LHB Vincente Sáenz
|
0-0: Called Strike 0-1: Foul Ball, location: 2F 0-2: Ball 1-2: Foul Ball, location: 2F 1-2: Ball 2-2: Ground out 4-3 (Groundball, 34D)
|
Top of the 5th over - 8 run(s), 8 hit(s), 0 error(s), 0 left on base; Blueville 15 - Trenton 1 |
BOTTOM OF THE 5TH |
Trenton Stars batting - Pitching for Blueville 83's : RHP Frank Davis
|
Batting: RHB Clancy Booker
|
0-0: Called Strike 0-1: Ball 1-1: Swinging Strike 1-2: Ball 2-2: Ball 3-2: Foul Ball, location: 2F 3-2: Strikes out swinging
|
Batting: RHB Aaron Washington
|
0-0: Called Strike 0-1: Foul Ball, location: 2F 0-2: Ball 1-2: Ball 2-2: Ball 3-2: Strikes out swinging
|
Batting: RHB Kenji Murayama
|
0-0: Ball 1-0: Ball 2-0: Ball 3-0: Base on Balls
|
Batting: SHB Nick Marshall
|
0-0: Called Strike 0-1: Ball 1-1: Ball 2-1: Fly out, F6 (Flyball, 56D)
|
Bottom of the 5th over - 0 run(s), 0 hit(s), 0 error(s), 1 left on base; Blueville 15 - Trenton 1 |
TOP OF THE 6TH |
Blueville 83's batting - Pitching for Trenton Stars : RHP Gilberto Martínez
|
Batting: RHB Yoshihide Takahashi
|
0-0: Ball 1-0: Ball 2-0: Called Strike 2-1: Ball 3-1: Base on Balls
|
Batting: RHB Felipe Rivera
|
0-0: Called Strike 0-1: Swinging Strike 0-2: Ball 1-2: Fly out, F9 (Line Drive, 89M)
|
Batting: SHB Bob Noble
|
0-0: Ball 1-0: Ball Yoshihide Takahashi steals 2nd base 2-0: Ball 3-0: Called Strike 3-1: Foul Ball, location: 2F 3-2: Base on Balls
|
Batting: LHB Javier Espinoza
|
0-0: Ball 1-0: Foul Ball, location: 2F 1-1: Foul Ball, location: 2F 1-2: Foul Ball, location: 2F 1-2: Ball 2-2: Ball 3-2: 3-RUN HOME RUN (Flyball, 9LD), Distance : 341 ft
|
Batting: RHB Tae-kwon Kwon
|
0-0: Called Strike 0-1: Ball 1-1: Ball 2-1: Ground out 5-3 (Groundball, 56)
|
Batting: LHB António Glaviz
|
0-0: Called Strike 0-1: Ball 1-1: SINGLE (Line Drive, 34)
|
Pinch Hitting: RHB Fernando Díaz
|
0-0: Called Strike 0-1: Ground out 1-3 (Groundball, 15S)
|
Top of the 6th over - 3 run(s), 2 hit(s), 0 error(s), 1 left on base; Blueville 18 - Trenton 1 |
BOTTOM OF THE 6TH |
Trenton Stars batting - Pitching for Blueville 83's : RHP Frank Davis
|
Now at 3B: Felipe Cruz
|
|
Batting: RHB Jesús Dávila
|
0-0: Called Strike 0-1: Ball 1-1: Called Strike 1-2: Foul Ball, location: 2F 1-2: Strikes out swinging
|
Batting: RHB Ken McDonald
|
0-0: Ball 1-0: Called Strike 1-1: Ball 2-1: Ground out 5-3 (Groundball, 56S)
|
Batting: LHB Ricardo Brandariz
|
0-0: Foul Ball, location: 2F 0-1: Foul Ball, location: 2F 0-2: Strikes out swinging
|
Bottom of the 6th over - 0 run(s), 0 hit(s), 0 error(s), 0 left on base; Blueville 18 - Trenton 1 |
TOP OF THE 7TH |
Blueville 83's batting - Pitching for Trenton Stars : RHP Gilberto Martínez
|
Pitching: RHP Rocky Whitcomb
|
|
Batting: RHB Jimmy Simon
|
0-0: SINGLE (Flyball, 8RS)
|
Batting: LHB Vincente Sáenz
|
0-0: SINGLE (Flyball, 6MD) Jimmy Simon to second
|
Batting: RHB Yoshihide Takahashi
|
0-0: Ball 1-0: Ball 2-0: Ball 3-0: Base on Balls Jimmy Simon to third Vincente Sáenz to second
|
Batting: RHB Felipe Rivera
|
0-0: Ball 1-0: Swinging Strike 1-1: Foul Ball, location: 2F 1-2: SINGLE (Line Drive, 4) Jimmy Simon scores Vincente Sáenz to third Yoshihide Takahashi to second Runner from 3rd tries for Home, SAFE, no throw
|
Batting: SHB Bob Noble
|
0-0: Called Strike 0-1: SINGLE (Groundball, 34D) Yoshihide Takahashi to third Felipe Rivera to second Runner from 3rd tries for Home, SAFE, no throw
|
Batting: LHB Javier Espinoza
|
0-0: Ball 1-0: Called Strike 1-1: Swinging Strike 1-2: Ball 2-2: Foul Ball, location: 2F 2-2: Grounds into double play, 4-6-3 (Groundball, 4) Felipe Rivera to third
|
Batting: RHB Tae-kwon Kwon
|
0-0: Ball 1-0: Ball 2-0: Foul Ball, location: 2F 2-1: Foul Ball, location: 2F 2-2: Ball 3-2: Base on Balls
|
Batting: LHB António Glaviz
|
0-0: Ball 1-0: Ball 2-0: Called Strike 2-1: 3-RUN HOME RUN (Flyball, 89XD), Distance : 411 ft
|
Pitching: RHP Jonas Uttley
|
|
Batting: LHB Felipe Cruz
|
0-0: Called Strike 0-1: Ball 1-1: SINGLE (Groundball, 34D)
|
Batting: RHB Jimmy Simon
|
0-0: Ball Felipe Cruz steals 2nd base 1-0: Ball 2-0: Called Strike 2-1: Foul Ball, location: 2F 2-2: Ball 3-2: Strikes out swinging
|
Top of the 7th over - 6 run(s), 6 hit(s), 0 error(s), 1 left on base; Blueville 24 - Trenton 1 |
BOTTOM OF THE 7TH |
Trenton Stars batting - Pitching for Blueville 83's : RHP Frank Davis
|
Pitching: RHP Cody White
|
|
Batting: RHB Randy Simons
|
0-0: Swinging Strike 0-1: Ball 1-1: Foul Ball, location: 2F 1-2: Foul Ball, location: 2F 1-2: Strikes out looking
|
Batting: RHB Rafael Canales
|
0-0: Ball 1-0: SINGLE (Groundball, 6MD)
|
Batting: RHB Clancy Booker
|
0-0: Called Strike 0-1: Called Strike 0-2: Ball 1-2: Ball 2-2: Fly out, F9 (Flyball, 9LMF)
|
Batting: RHB Aaron Washington
|
0-0: Ball 1-0: Called Strike 1-1: Foul Ball, location: 2F 1-2: Ball 2-2: Strikes out swinging
|
Bottom of the 7th over - 0 run(s), 1 hit(s), 0 error(s), 1 left on base; Blueville 24 - Trenton 1 |
TOP OF THE 8TH |
Blueville 83's batting - Pitching for Trenton Stars : RHP Jonas Uttley
|
Batting: LHB Vincente Sáenz
|
0-0: Ball 1-0: Ball 2-0: Foul Ball, location: 2F 2-1: Ball 3-1: Called Strike 3-2: Strikes out swinging
|
Batting: RHB Yoshihide Takahashi
|
0-0: Ball 1-0: Ball 2-0: Ball 3-0: Called Strike 3-1: SINGLE (Flyball, 9LS)
|
Batting: RHB Felipe Rivera
|
0-0: Ball 1-0: Foul Ball, location: 2F 1-1: Ball 2-1: Ball 3-1: 2-RUN HOME RUN (Line Drive, 8RXD), Distance : 422 ft
|
Batting: SHB Bob Noble
|
0-0: SINGLE (Groundball, 4MD)
|
Batting: LHB Javier Espinoza
|
0-0: Foul Ball, location: 2F 0-1: Ball 1-1: Foul Ball, location: 2F 1-2: Ball 2-2: Strikes out swinging
|
Batting: RHB Tae-kwon Kwon
|
0-0: Ball Bob Noble steals 2nd base 1-0: Foul Ball, location: 2F 1-1: Foul Ball, location: 2F 1-2: Strikes out swinging
|
Top of the 8th over - 2 run(s), 3 hit(s), 0 error(s), 1 left on base; Blueville 26 - Trenton 1 |
BOTTOM OF THE 8TH |
Trenton Stars batting - Pitching for Blueville 83's : RHP Cody White
|
Pinch Hitting: RHB Chris Cole
|
0-0: Ball 1-0: Called Strike 1-1: Foul Ball, location: 2F 1-2: Foul Ball, location: 2F 1-2: Fly out, F4 (Line Drive, 4MD)
|
Batting: SHB Nick Marshall
|
0-0: Ball 1-0: Ball 2-0: Swinging Strike 2-1: Foul Ball, location: 2F 2-2: Foul Ball, location: 2F 2-2: Strikes out swinging
|
Batting: RHB Jesús Dávila
|
0-0: Fly out, F7 (Flyball, 78D)
|
Bottom of the 8th over - 0 run(s), 0 hit(s), 0 error(s), 0 left on base; Blueville 26 - Trenton 1 |
TOP OF THE 9TH |
Blueville 83's batting - Pitching for Trenton Stars : RHP Jonas Uttley
|
Now at 3B: Leonardo Pinto
|
|
Batting: LHB António Glaviz
|
0-0: SINGLE (Groundball, 13) (infield hit)
|
Batting: LHB Felipe Cruz
|
0-0: Ball 1-0: Ball 2-0: Ball 3-0: Base on Balls António Glaviz to second
|
Batting: RHB Jimmy Simon
|
0-0: Ball 1-0: Fly out, F4 (Popup, 34)
|
Batting: LHB Vincente Sáenz
|
0-0: Foul Ball, location: 2F 0-1: Ball 1-1: Fly out, F4 (Popup, 34)
|
Batting: RHB Yoshihide Takahashi
|
0-0: Ball 1-0: Swinging Strike 1-1: Foul Ball, location: 2F 1-2: Ball 2-2: Strikes out swinging
|
Top of the 9th over - 0 run(s), 1 hit(s), 0 error(s), 2 left on base; Blueville 26 - Trenton 1 |
BOTTOM OF THE 9TH |
Trenton Stars batting - Pitching for Blueville 83's : RHP Cody White
|
Batting: RHB Ken McDonald
|
0-0: Called Strike 0-1: Ball 1-1: Ball 2-1: Ball 3-1: SINGLE (Line Drive, 89S)
|
Pinch Hitting: RHB Rob Bass
|
0-0: Called Strike 0-1: Ball 1-1: Called Strike 1-2: Ball 2-2: Foul Ball, location: 2F 2-2: Foul Ball, location: 2F 2-2: Foul Ball, location: 2F 2-2: Foul Ball, location: 2F 2-2: Foul Ball, location: 2F 2-2: Ball 3-2: Foul Ball, location: 2F 3-2: Fly out, F9 (Flyball, 89D)
|
Batting: RHB Randy Simons
|
0-0: Ball 1-0: Fly out, F7 (Flyball, 7S)
|
Batting: RHB Rafael Canales
|
0-0: Fly out, F8 (Line Drive, 8LM)
|
Bottom of the 9th over - 0 run(s), 1 hit(s), 0 error(s), 1 left on base; Blueville 26 - Trenton 1 |
|